XFBL
KANSAS CITY ROYALS @ BOSTON RED SOX
07/18/1982
 
TOP OF THE 1ST
Kansas City Royals batting - Pitching for Boston Red Sox : LHP Gary Perritt
Pitching: LHP Gary Perritt
Batting: LHB Jim Eisenreich 0-0: Ball
1-0: Ball
2-0: Called Strike
2-1: Ball
3-1: Called Strike
3-2: Foul Ball, location: 2F
3-2: Foul Ball, location: 2F
3-2: Base on Balls
Batting: RHB Rickey Henderson 0-0: Ball
1-0: Ball
2-0: Called Strike
2-1: Ball
3-1: Called Strike
3-2: Fielders Choice at 2nd, 4-6 (Groundball, 4, EV 101.9 MPH)
Batting: RHB Jeffrey Leonard 0-0: Ball
1-0: Foul Ball, location: 2F
1-1: Swinging Strike
1-2: Fielders Choice at 2nd, 4-6 (Groundball, 4S, EV 82.5 MPH)
Batting: LHB Alvin Davis 0-0: Called Strike
0-1: Ball
1-1: Called Strike
1-2: Ball
2-2: Ball
3-2: Strikes out swinging
Top of the 1st over - 0 runs, 0 hits, 0 errors, 1 left on base; Kansas City 0 - Boston 0
BOTTOM OF THE 1ST
Boston Red Sox batting - Pitching for Kansas City Royals : RHP Don Wilson
Pitching: RHP Don Wilson
Batting: RHB Richie Zisk 0-0: Called Strike
0-1: Foul Ball, location: 2F
0-2: Fly out, F9 (Flyball, 9LS, EV 81.3 MPH)
Batting: LHB Willie Aikens 0-0: Foul Ball, location: 2F
0-1: SINGLE (Line Drive, 8LS, EV 91.3 MPH)
Batting: RHB Jeff Burroughs 0-0: Foul Ball, location: 2F
0-1: Foul Ball, location: 2F
0-2: Ball
1-2: Foul Ball, location: 2F
1-2: Ball
2-2: Grounds into double play, 6-4-3 (Groundball, 56, EV 82.5 MPH)
Bottom of the 1st over - 0 runs, 1 hit, 0 errors, 0 left on base; Kansas City 0 - Boston 0
TOP OF THE 2ND
Kansas City Royals batting - Pitching for Boston Red Sox : LHP Gary Perritt
Batting: RHB Gary Carter 0-0: Ball
1-0: Ball
2-0: Ball
3-0: Base on Balls
Batting: RHB Bob Horner 0-0: Ball
1-0: Ball
2-0: Called Strike
2-1: Called Strike
2-2: Ball
3-2: Fly out, F7 (Flyball, 78M, EV 96.3 MPH)
Batting: RHB Alberto Gonzalez 0-0: Swinging Strike
0-1: Swinging Strike
0-2: Ball
1-2: Ball
2-2: Strikes out swinging
Batting: LHB Gene Richards Pickoff Throw to First - Out! 1-3
Top of the 2nd over - 0 runs, 0 hits, 0 errors, 0 left on base; Kansas City 0 - Boston 0
BOTTOM OF THE 2ND
Boston Red Sox batting - Pitching for Kansas City Royals : RHP Don Wilson
Batting: LHB George Brett 0-0: Ball
1-0: Foul Ball, location: 2F
1-1: Ground out 5-3 (Groundball, 56, EV 85.6 MPH)
Batting: SHB Dave Collins 0-0: Foul Ball, location: 2F
0-1: Ball
1-1: Ground out 6-3 (Groundball, 6, EV 89.4 MPH)
Batting: SHB Phil Ouellette 0-0: Ball
1-0: Ball
2-0: Ball
3-0: Base on Balls
Batting: LHB Daryl Sconiers 0-0: Ground out 4-3 (Groundball, 13, EV 84.4 MPH)
Bottom of the 2nd over - 0 runs, 0 hits, 0 errors, 1 left on base; Kansas City 0 - Boston 0
TOP OF THE 3RD
Kansas City Royals batting - Pitching for Boston Red Sox : LHP Gary Perritt
Batting: LHB Gene Richards 0-0: Called Strike
0-1: Foul Ball, location: 2F
0-2: Strikes out swinging
Batting: LHB Rick Manning 0-0: Foul Ball, location: 2F
0-1: Ball
1-1: Ball
2-1: Foul Ball, location: 2F
2-2: Fly out, F7 (Line Drive, 7D, EV 90.6 MPH)
Batting: LHB Jim Eisenreich 0-0: Ball
1-0: Ball
2-0: Called Strike
2-1: Called Strike
2-2: Strikes out swinging
Top of the 3rd over - 0 runs, 0 hits, 0 errors, 0 left on base; Kansas City 0 - Boston 0
BOTTOM OF THE 3RD
Boston Red Sox batting - Pitching for Kansas City Royals : RHP Don Wilson
Batting: SHB Nelson Norman 0-0: SINGLE (Flyball, 56D, EV 91.3 MPH)
Batting: SHB Harry Chappas 0-0: Ball
1-0: SINGLE (Line Drive, 78S, EV 101.3 MPH)
Nelson Norman to second
Batting: RHB Richie Zisk 0-0: Ball
1-0: Foul Ball, location: 2F
1-1: Foul Ball, location: 2F
1-2: Ball
2-2: Ball
3-2: Ground out 6-3 (Groundball, 4M, EV 79.4 MPH)
Nelson Norman to third
Harry Chappas to second
Batting: LHB Willie Aikens 0-0: Swinging Strike
0-1: Ball
1-1: Foul Ball, location: 2F
1-2: Ball
2-2: Fly out, F8 (Line Drive, 8LD, EV 92.5 MPH)
Runner from 3rd tags up, SCORES, throw by CF
Harry Chappas to third
Batting: RHB Jeff Burroughs 0-0: Ball
1-0: Foul Ball, location: 2F
1-1: Ball
2-1: Ground out 6-3 (Groundball, 6, EV 85.6 MPH)
Bottom of the 3rd over - 1 run, 2 hits, 0 errors, 1 left on base; Kansas City 0 - Boston 1
TOP OF THE 4TH
Kansas City Royals batting - Pitching for Boston Red Sox : LHP Gary Perritt
Batting: RHB Rickey Henderson 0-0: Ball
1-0: Foul Ball, location: 2F
1-1: Called Strike
1-2: SINGLE (Groundball, 6D, EV 103.8 MPH)
Batting: RHB Jeffrey Leonard 0-0: Ball
1-0: Fly out, F4 (Popup, 3L, EV 58.8 MPH)
Batting: LHB Alvin Davis 0-0: Ball
1-0: Called Strike
1-1: Ball
2-1: Foul Ball, location: 2F
2-2: Grounds into double play, 4-6-3 (Groundball, 34, EV 80.0 MPH)
Top of the 4th over - 0 runs, 1 hit, 0 errors, 0 left on base; Kansas City 0 - Boston 1
BOTTOM OF THE 4TH
Boston Red Sox batting - Pitching for Kansas City Royals : RHP Don Wilson
Batting: LHB George Brett 0-0: Ball
1-0: Called Strike
1-1: Ball
2-1: Fly out, F8 (Line Drive, 8RM, EV 101.9 MPH)
Batting: SHB Dave Collins 0-0: Called Strike
0-1: Fly out, F3 (Line Drive, 3, EV 70.6 MPH)
Batting: SHB Phil Ouellette 0-0: Ball
1-0: Ball
2-0: Called Strike
2-1: SOLO HOME RUN (Line Drive, 9D, EV 106.9 MPH), Distance : 398 ft
Batting: LHB Daryl Sconiers 0-0: Foul Ball, location: 2F
0-1: Swinging Strike
0-2: Foul Ball, location: 2F
0-2: Ball
1-2: Foul Ball, location: 2F
1-2: Foul Ball, location: 2F
1-2: Ball
2-2: Ground out 1-3 (Groundball, 23, EV 71.9 MPH)
Bottom of the 4th over - 1 run, 1 hit, 0 errors, 0 left on base; Kansas City 0 - Boston 2
TOP OF THE 5TH
Kansas City Royals batting - Pitching for Boston Red Sox : LHP Gary Perritt
Batting: RHB Gary Carter 0-0: Called Strike
0-1: Ball
1-1: Fly out, F8 (Flyball, 8LXD, EV 105.6 MPH)
Batting: RHB Bob Horner 0-0: Called Strike
0-1: Ball
1-1: Ground out 5-3 (Groundball, 5, EV 81.9 MPH)
Batting: RHB Alberto Gonzalez 0-0: Swinging Strike
0-1: Ground out 5-3 (Groundball, 56, EV 85.0 MPH)
Top of the 5th over - 0 runs, 0 hits, 0 errors, 0 left on base; Kansas City 0 - Boston 2
BOTTOM OF THE 5TH
Boston Red Sox batting - Pitching for Kansas City Royals : RHP Don Wilson
Batting: SHB Nelson Norman 0-0: Called Strike
0-1: Fly out, F7 (Flyball, 7, EV 85.6 MPH)
Batting: SHB Harry Chappas 0-0: Ball
1-0: Ball
2-0: Ball
3-0: Base on Balls
Batting: RHB Richie Zisk 0-0: Ball
Harry Chappas steals 2nd base
1-0: Ball
2-0: Ball
3-0: Called Strike
3-1: Fly out, F2 (Popup, 15S, EV 81.9 MPH)
Batting: LHB Willie Aikens 0-0: Swinging Strike
0-1: Ball
1-1: Ball
2-1: Foul Ball, location: 2F
2-2: Foul Ball, location: 2F
2-2: Ball
3-2: Strikes out looking
Bottom of the 5th over - 0 runs, 0 hits, 0 errors, 1 left on base; Kansas City 0 - Boston 2
TOP OF THE 6TH
Kansas City Royals batting - Pitching for Boston Red Sox : LHP Gary Perritt
Batting: LHB Gene Richards 0-0: Called Strike
0-1: Ball
1-1: Called Strike
1-2: Ball
2-2: Foul Ball, location: 2F
2-2: Ground out 4-3 (Groundball, 4M, EV 86.3 MPH)
Batting: LHB Rick Manning 0-0: Ball
1-0: Ball
2-0: Ball
3-0: Called Strike
3-1: Foul Ball, location: 2F
3-2: Ground out 6-3 (Groundball, 6M, EV 103.1 MPH)
Batting: LHB Jim Eisenreich 0-0: Ball
1-0: Foul Ball, location: 2F
1-1: Foul Ball, location: 2F
1-2: Ball
2-2: Strikes out looking
Top of the 6th over - 0 runs, 0 hits, 0 errors, 0 left on base; Kansas City 0 - Boston 2
BOTTOM OF THE 6TH
Boston Red Sox batting - Pitching for Kansas City Royals : RHP Don Wilson
Batting: RHB Jeff Burroughs 0-0: Ground out 4-3 (Groundball, 13, EV 94.4 MPH)
Batting: LHB George Brett 0-0: Ground out 4-3 (Groundball, 4, EV 96.3 MPH)
Batting: SHB Dave Collins 0-0: Swinging Strike
0-1: Ball
1-1: Ball
2-1: DOUBLE (Line Drive, 89D, EV 108.1 MPH)
Batting: SHB Phil Ouellette 0-0: Called Strike
0-1: Ball
1-1: Foul Ball, location: 2F
1-2: Foul Ball, location: 2F
1-2: Foul Ball, location: 2F
1-2: Fly out, F5 (Popup, 5F, EV 78.8 MPH)
Bottom of the 6th over - 0 runs, 1 hit, 0 errors, 1 left on base; Kansas City 0 - Boston 2
TOP OF THE 7TH
Kansas City Royals batting - Pitching for Boston Red Sox : LHP Gary Perritt
Batting: RHB Rickey Henderson 0-0: Called Strike
0-1: Ground out U3 (Groundball, 13, EV 85.0 MPH)
Batting: RHB Jeffrey Leonard 0-0: Foul Ball, location: 2F
0-1: Ball
1-1: Foul Ball, location: 2F
1-2: Foul Ball, location: 2F
1-2: Foul Ball, location: 2F
1-2: Ball
2-2: Ball
3-2: Ground out 6-3 (Groundball, 56, EV 83.8 MPH)
Batting: LHB Alvin Davis 0-0: Ball
1-0: Fly out, F7 (Line Drive, 7, EV 98.1 MPH)
Top of the 7th over - 0 runs, 0 hits, 0 errors, 0 left on base; Kansas City 0 - Boston 2
BOTTOM OF THE 7TH
Boston Red Sox batting - Pitching for Kansas City Royals : RHP Don Wilson
Batting: LHB Daryl Sconiers 0-0: Fly out, F9 (Flyball, 9D, EV 93.1 MPH)
Batting: SHB Nelson Norman 0-0: Ball
1-0: Called Strike
1-1: Called Strike
1-2: Ball
2-2: SINGLE (Groundball, 4MD, EV 107.5 MPH) (infield hit)
Batting: SHB Harry Chappas 0-0: Swinging Strike
0-1: Swinging Strike
0-2: Fly out, F1 (Line Drive, P, EV 73.8 MPH)
Batting: RHB Richie Zisk 0-0: Ball
1-0: Called Strike
1-1: Foul Ball, location: 2F
1-2: Foul Ball, location: 2F
1-2: Strikes out swinging
Bottom of the 7th over - 0 runs, 1 hit, 0 errors, 1 left on base; Kansas City 0 - Boston 2
TOP OF THE 8TH
Kansas City Royals batting - Pitching for Boston Red Sox : LHP Gary Perritt
Pitching: LHP Gary Pickert
Batting: RHB Gary Carter 0-0: Ball
1-0: Called Strike
1-1: Fly out, F7 (Flyball, 7D, EV 109.4 MPH)
Batting: RHB Bob Horner 0-0: Fly out, F3 (Flyball, 3D, EV 85.0 MPH)
Batting: RHB Alberto Gonzalez 0-0: Called Strike
0-1: Ball
1-1: Ground out U3 (Groundball, 34S, EV 83.1 MPH)
Top of the 8th over - 0 runs, 0 hits, 0 errors, 0 left on base; Kansas City 0 - Boston 2
BOTTOM OF THE 8TH
Boston Red Sox batting - Pitching for Kansas City Royals : RHP Don Wilson
Batting: LHB Willie Aikens 0-0: Ball
1-0: Ball
2-0: Ball
3-0: Called Strike
3-1: Called Strike
3-2: Foul Ball, location: 2F
3-2: Strikes out swinging
Batting: RHB Jeff Burroughs 0-0: Called Strike
0-1: Ball
1-1: Ball
2-1: Ground out 6-3 (Groundball, 6, EV 95.6 MPH)
Batting: LHB George Brett 0-0: Ball
1-0: SINGLE (Groundball, 34D, EV 103.8 MPH)
Batting: SHB Dave Collins 0-0: Called Strike
0-1: Fly out, F6 (Popup, P, EV 85.0 MPH)
Bottom of the 8th over - 0 runs, 1 hit, 0 errors, 1 left on base; Kansas City 0 - Boston 2
TOP OF THE 9TH
Kansas City Royals batting - Pitching for Boston Red Sox : LHP Gary Pickert
Now in RF: Devin Pike
Batting: LHB Gene Richards 0-0: Foul Ball, location: 2F
0-1: Ball
1-1: Called Strike
1-2: Ball
2-2: SINGLE (Groundball, 4D, EV 99.4 MPH)
Batting: LHB Rick Manning 0-0: Called Strike
0-1: Ball
1-1: Ball
2-1: SINGLE (Line Drive, 8LS, EV 96.3 MPH)
Gene Richards to second
Batting: LHB Jim Eisenreich 0-0: Ball
1-0: Called Strike
1-1: Ball
2-1: Called Strike
2-2: Grounds into double play, 4-6-3 (Groundball, 4, EV 94.4 MPH)
Gene Richards to third
Batting: RHB Rickey Henderson 0-0: Ground out 5-3 (Groundball, 15, EV 86.9 MPH)
Top of the 9th over - 0 runs, 2 hits, 0 errors, 1 left on base; Kansas City 0 - Boston 2
Monday, August 17th, 2020 - OOTP Baseball 21.5 Build 76